TOP OF THE 1ST |
Mississippi Braves batting - Pitching for Columbia Fireflies : RHP Matt Bennett
|
Pitching: RHP Matt Bennett
|
|
Batting: RHB Jordan Martin
|
0-0: Ball 1-0: Ball 2-0: SINGLE (Flyball, 89S, EV 90.0 MPH)
|
Batting: RHB Hieronim Rutkowski
|
0-0: Ball 1-0: Called Strike 1-1: Ball Jordan Martin is caught stealing 2nd base 2-4 2-1: Ball 3-1: Base on Balls
|
Batting: RHB Erik Coleman
|
0-0: Called Strike Hieronim Rutkowski is caught stealing 2nd base 2-4 0-1: DOUBLE (Line Drive, 89D, EV 106.9 MPH)
|
Batting: LHB Art D'Ascenzo
|
0-0: Fly out, F8 (Flyball, 8LM, EV 91.9 MPH)
|
Top of the 1st over - 0 runs, 2 hits, 0 errors, 1 left on base; Mississippi 0 - Columbia 0 |
BOTTOM OF THE 1ST |
Columbia Fireflies batting - Pitching for Mississippi Braves : RHP Andy Kiefer
|
Pitching: RHP Andy Kiefer
|
|
Batting: RHB Omar Novoa
|
0-0: Ball 1-0: Called Strike 1-1: Called Strike 1-2: DOUBLE (Line Drive, 8LXD, EV 105.0 MPH)
|
Batting: SHB Masatoshi Akahoshi
|
0-0: Ball 1-0: Foul Ball, location: 2F 1-1: Ball 2-1: Swinging Strike 2-2: Foul Ball, location: 2F 2-2: Ball 3-2: Fly out, F9 (Flyball, 89S, EV 85.0 MPH)
|
Batting: SHB Justin Wallace
|
0-0: Ball 1-0: Foul Ball, location: 2F 1-1: Swinging Strike 1-2: Ball 2-2: DOUBLE (Line Drive, 9LD, EV 111.9 MPH) Omar Novoa scores
|
Batting: LHB Tony Leyba
|
0-0: Called Strike 0-1: DOUBLE (Flyball, 78D, EV 106.9 MPH) Justin Wallace scores
|
Batting: RHB Masaya Nakamura
|
0-0: Fly out, F8 (Flyball, 8RXD, EV 85.6 MPH) Runner from 2nd tags up, SAFE at 3rd, no throw by CF
|
Batting: RHB Andy Carrell
|
0-0: Ground out 1-3 (Groundball, 13, EV 68.8 MPH)
|
Bottom of the 1st over - 2 runs, 3 hits, 0 errors, 1 left on base; Mississippi 0 - Columbia 2 |
TOP OF THE 2ND |
Mississippi Braves batting - Pitching for Columbia Fireflies : RHP Matt Bennett
|
Batting: RHB Yojiro Hayashi
|
0-0: Ball 1-0: Ball 2-0: Called Strike 2-1: Swinging Strike 2-2: TRIPLE (Flyball, 7LD, EV 99.4 MPH)
|
Batting: RHB Justin Reich
|
0-0: Foul Ball, location: 2F 0-1: DOUBLE (Flyball, 89D, EV 92.5 MPH) Yojiro Hayashi scores
|
Batting: RHB Jose Ramos
|
0-0: Called Strike 0-1: Ball 1-1: Called Strike 1-2: Strikes out looking
|
Batting: SHB Jose Melendez
|
0-0: Called Strike 0-1: Ball 1-1: Foul Ball, location: 2F 1-2: Ball 2-2: Ground out 1-3 (Groundball, 13S, EV 66.9 MPH) Justin Reich to third
|
Batting: RHB Alex Velasquez
|
0-0: Foul Ball, location: 2F 0-1: SINGLE (Groundball, 6D, EV 97.5 MPH) Justin Reich scores
|
Batting: RHB Jordan Martin
|
0-0: Called Strike 0-1: Swinging Strike 0-2: Foul Ball, location: 2F 0-2: Strikes out swinging
|
Top of the 2nd over - 2 runs, 3 hits, 0 errors, 1 left on base; Mississippi 2 - Columbia 2 |
BOTTOM OF THE 2ND |
Columbia Fireflies batting - Pitching for Mississippi Braves : RHP Andy Kiefer
|
Batting: RHB Larry Shoop
|
0-0: Foul Ball, location: 2F 0-1: Ball 1-1: Ball 2-1: Foul Ball, location: 2F 2-2: Strikes out looking
|
Batting: RHB Dan Muse
|
0-0: Called Strike 0-1: Fly out, F9 (Flyball, 9, EV 84.4 MPH)
|
Batting: RHB David Reyna
|
0-0: Called Strike 0-1: Ball 1-1: Ball 2-1: Ball 3-1: Swinging Strike 3-2: Ground out 4-3 (Groundball, 6MD, EV 80.0 MPH)
|
Bottom of the 2nd over - 0 runs, 0 hits, 0 errors, 0 left on base; Mississippi 2 - Columbia 2 |
TOP OF THE 3RD |
Mississippi Braves batting - Pitching for Columbia Fireflies : RHP Matt Bennett
|
Batting: RHB Hieronim Rutkowski
|
0-0: Ball 1-0: Ball 2-0: Ball 3-0: Base on Balls
|
Batting: RHB Erik Coleman
|
0-0: Ball 1-0: SINGLE (Groundball, 6M, EV 101.2 MPH) (infield hit) Hieronim Rutkowski to second
|
Batting: LHB Art D'Ascenzo
|
0-0: Foul Ball, location: 2F 0-1: DOUBLE (Line Drive, 3D, EV 98.1 MPH) Hieronim Rutkowski scores Erik Coleman to third
|
Batting: RHB Yojiro Hayashi
|
0-0: Foul Ball, location: 2F 0-1: Ball 1-1: Ball 2-1: Foul Ball, location: 2F 2-2: Strikes out swinging
|
Batting: RHB Justin Reich
|
0-0: Ball 1-0: Ball 2-0: Fly out, F8 (Flyball, 8LM, EV 88.8 MPH)
|
Batting: RHB Jose Ramos
|
0-0: Ball 1-0: Called Strike 1-1: Ball 2-1: Ball 3-1: Foul Ball, location: 2F 3-2: Base on Balls
|
Batting: SHB Jose Melendez
|
0-0: Ball 1-0: Ball 2-0: Called Strike 2-1: Ball 3-1: Foul Ball, location: 2F 3-2: Foul Ball, location: 2F 3-2: Base on Balls Erik Coleman scores Art D'Ascenzo to third Jose Ramos to second
|
Batting: RHB Alex Velasquez
|
0-0: Ball 1-0: Called Strike 1-1: Swinging Strike 1-2: DOUBLE (Line Drive, 78XD, EV 107.5 MPH) Art D'Ascenzo scores Jose Ramos scores Jose Melendez to third
|
Pitching: RHP Jason Horvath
|
|
Batting: RHB Jordan Martin
|
0-0: Ground out 6-3 (Groundball, 6, EV 81.9 MPH)
|
Top of the 3rd over - 4 runs, 3 hits, 0 errors, 2 left on base; Mississippi 6 - Columbia 2 |
BOTTOM OF THE 3RD |
Columbia Fireflies batting - Pitching for Mississippi Braves : RHP Andy Kiefer
|
Batting: RHB Omar Novoa
|
0-0: Ball 1-0: DOUBLE (Line Drive, 9LD, EV 106.2 MPH)
|
Batting: SHB Masatoshi Akahoshi
|
0-0: Fly out, F8 (Line Drive, 8LD, EV 99.4 MPH)
|
Batting: SHB Justin Wallace
|
0-0: Ball 1-0: Ball 2-0: Foul Ball, location: 2F 2-1: Ball 3-1: SINGLE (Groundball, 34D, EV 105.6 MPH) Omar Novoa to third Runner from 3rd tries for Home, SAFE, throw by RF to home
|
Batting: LHB Tony Leyba
|
0-0: Foul Ball, location: 2F 0-1: Ball 1-1: Ball 2-1: SINGLE (Groundball, 34, EV 97.5 MPH) Justin Wallace to second Runner from 2nd tries for 3rd, SAFE, throw by RF made to third
|
Batting: RHB Masaya Nakamura
|
0-0: Ball 1-0: Swinging Strike 1-1: Swinging Strike 1-2: Strikes out swinging
|
Batting: RHB Andy Carrell
|
0-0: Called Strike 0-1: Called Strike 0-2: Ground out 4-3 (Groundball, 34, EV 86.2 MPH)
|
Bottom of the 3rd over - 1 run, 3 hits, 0 errors, 2 left on base; Mississippi 6 - Columbia 3 |
TOP OF THE 4TH |
Mississippi Braves batting - Pitching for Columbia Fireflies : RHP Jason Horvath
|
Batting: RHB Hieronim Rutkowski
|
0-0: Ball 1-0: Swinging Strike 1-1: Foul Ball, location: 2F 1-2: Strikes out swinging
|
Batting: RHB Erik Coleman
|
0-0: Ball 1-0: Ball 2-0: Ground out 6-3 (Groundball, 6, EV 100.0 MPH)
|
Batting: LHB Art D'Ascenzo
|
0-0: Called Strike 0-1: Fly out, F8 (Flyball, 8LXD, EV 89.4 MPH)
|
Top of the 4th over - 0 runs, 0 hits, 0 errors, 0 left on base; Mississippi 6 - Columbia 3 |
BOTTOM OF THE 4TH |
Columbia Fireflies batting - Pitching for Mississippi Braves : RHP Andy Kiefer
|
Batting: RHB Larry Shoop
|
0-0: Ball 1-0: Called Strike 1-1: Swinging Strike 1-2: Fly out, F8 (Line Drive, 89M, EV 95.6 MPH)
|
Batting: RHB Dan Muse
|
0-0: Called Strike 0-1: Ball 1-1: Foul Ball, location: 2F 1-2: Strikes out looking
|
Batting: RHB David Reyna
|
0-0: Swinging Strike 0-1: Ball 1-1: Ball 2-1: Called Strike 2-2: Ball 3-2: Foul Ball, location: 2F 3-2: Foul Ball, location: 2F 3-2: Foul Ball, location: 2F 3-2: Foul Ball, location: 2F 3-2: Foul Ball, location: 2F 3-2: Base on Balls
|
Batting: RHB Omar Novoa
|
0-0: Fly out, F7 (Line Drive, 78S, EV 93.8 MPH)
|
Bottom of the 4th over - 0 runs, 0 hits, 0 errors, 1 left on base; Mississippi 6 - Columbia 3 |
TOP OF THE 5TH |
Mississippi Braves batting - Pitching for Columbia Fireflies : RHP Jason Horvath
|
Batting: RHB Yojiro Hayashi
|
0-0: Called Strike 0-1: Foul Ball, location: 2F 0-2: Strikes out swinging
|
Batting: RHB Justin Reich
|
0-0: Ball 1-0: Fly out, F9 (Flyball, 89D, EV 106.2 MPH)
|
Batting: RHB Jose Ramos
|
0-0: Swinging Strike 0-1: Called Strike 0-2: Ball 1-2: Strikes out looking
|
Top of the 5th over - 0 runs, 0 hits, 0 errors, 0 left on base; Mississippi 6 - Columbia 3 |
BOTTOM OF THE 5TH |
Columbia Fireflies batting - Pitching for Mississippi Braves : RHP Andy Kiefer
|
Batting: SHB Masatoshi Akahoshi
|
0-0: Called Strike 0-1: Swinging Strike 0-2: Ball 1-2: Fly out, F8 (Line Drive, 8LM, EV 94.4 MPH)
|
Batting: SHB Justin Wallace
|
0-0: Ball 1-0: SOLO HOME RUN (Flyball, 9D, EV 96.9 MPH), Distance : 353 ft
|
Batting: LHB Tony Leyba
|
0-0: Ball 1-0: SINGLE (Flyball, 6D, EV 85.0 MPH)
|
Batting: RHB Masaya Nakamura
|
0-0: Swinging Strike 0-1: Foul Ball, location: 2F 0-2: Strikes out swinging
|
Batting: RHB Andy Carrell
|
0-0: Ball Tony Leyba is caught stealing 2nd base 2-4
|
Bottom of the 5th over - 1 run, 2 hits, 0 errors, 0 left on base; Mississippi 6 - Columbia 4 |
TOP OF THE 6TH |
Mississippi Braves batting - Pitching for Columbia Fireflies : RHP Jason Horvath
|
Batting: SHB Jose Melendez
|
0-0: Ball 1-0: Ball 2-0: Called Strike 2-1: Foul Ball, location: 2F 2-2: Strikes out swinging
|
Batting: RHB Alex Velasquez
|
0-0: Ground out 6-3 (Groundball, 6, EV 88.1 MPH)
|
Batting: RHB Jordan Martin
|
0-0: Ball 1-0: Ball 2-0: Called Strike 2-1: Called Strike 2-2: Foul Ball, location: 2F 2-2: SINGLE (Groundball, 6MD, EV 96.2 MPH)
|
Batting: RHB Hieronim Rutkowski
|
0-0: Called Strike 0-1: Swinging Strike 0-2: Strikes out swinging
|
Top of the 6th over - 0 runs, 1 hit, 0 errors, 1 left on base; Mississippi 6 - Columbia 4 |
BOTTOM OF THE 6TH |
Columbia Fireflies batting - Pitching for Mississippi Braves : RHP Andy Kiefer
|
Pitching: RHP Damian Molina
|
|
Batting: RHB Andy Carrell
|
0-0: Called Strike 0-1: Ball 1-1: Foul Ball, location: 2F 1-2: Ball 2-2: Ball 3-2: Base on Balls
|
Batting: RHB Larry Shoop
|
0-0: Called Strike 0-1: Ball 1-1: Called Strike 1-2: Foul Ball, location: 2F 1-2: Ball 2-2: Strikes out swinging
|
Batting: RHB Dan Muse
|
0-0: Ball 1-0: Swinging Strike 1-1: Ball 2-1: Foul Ball, location: 2F 2-2: Grounds into double play, 6-4-3 (Groundball, 6, EV 87.5 MPH)
|
Bottom of the 6th over - 0 runs, 0 hits, 0 errors, 0 left on base; Mississippi 6 - Columbia 4 |
TOP OF THE 7TH |
Mississippi Braves batting - Pitching for Columbia Fireflies : RHP Jason Horvath
|
Batting: RHB Erik Coleman
|
0-0: Ball 1-0: Fly out, F9 (Flyball, 89M, EV 90.6 MPH)
|
Batting: LHB Art D'Ascenzo
|
0-0: Foul Ball, location: 2F 0-1: Called Strike 0-2: Ball 1-2: Ball 2-2: Foul Ball, location: 2F 2-2: Strikes out swinging
|
Batting: RHB Yojiro Hayashi
|
0-0: Called Strike 0-1: Foul Ball, location: 2F 0-2: Ball 1-2: Ball 2-2: Foul Ball, location: 2F 2-2: Strikes out swinging
|
Top of the 7th over - 0 runs, 0 hits, 0 errors, 0 left on base; Mississippi 6 - Columbia 4 |
BOTTOM OF THE 7TH |
Columbia Fireflies batting - Pitching for Mississippi Braves : RHP Damian Molina
|
Now at 1B: Hieronim Rutkowski
|
|
Now at 3B: Adrian Billups
|
|
Batting: RHB David Reyna
|
0-0: Foul Ball, location: 2F 0-1: Swinging Strike 0-2: Foul Ball, location: 2F 0-2: Foul Ball, location: 2F 0-2: Ball 1-2: Ball 2-2: Strikes out swinging
|
Batting: RHB Omar Novoa
|
0-0: Ball 1-0: Ball 2-0: Swinging Strike 2-1: Ground out 4-3 (Groundball, 4, EV 84.4 MPH)
|
Batting: SHB Masatoshi Akahoshi
|
0-0: Fly out, F9 (Flyball, 9D, EV 90.6 MPH)
|
Bottom of the 7th over - 0 runs, 0 hits, 0 errors, 0 left on base; Mississippi 6 - Columbia 4 |
TOP OF THE 8TH |
Mississippi Braves batting - Pitching for Columbia Fireflies : RHP Jason Horvath
|
Pitching: RHP Marvin Merino
|
|
Batting: RHB Justin Reich
|
0-0: Ball 1-0: Ball 2-0: Called Strike 2-1: Foul Ball, location: 2F 2-2: Ball 3-2: Strikes out swinging
|
Batting: RHB Jose Ramos
|
0-0: Ball 1-0: Swinging Strike 1-1: Foul Ball, location: 2F 1-2: Ball 2-2: Strikes out swinging
|
Batting: SHB Jose Melendez
|
0-0: Called Strike 0-1: Foul Ball, location: 2F 0-2: Ball 1-2: Ball 2-2: Hit by Pitch
|
Batting: RHB Alex Velasquez
|
0-0: Called Strike Jose Melendez steals 2nd base (no throw) 0-1: Swinging Strike 0-2: Foul Ball, location: 2F 0-2: Ball 1-2: Ball 2-2: Fly out, F8 (Flyball, 8RM, EV 91.9 MPH)
|
Top of the 8th over - 0 runs, 0 hits, 0 errors, 1 left on base; Mississippi 6 - Columbia 4 |
BOTTOM OF THE 8TH |
Columbia Fireflies batting - Pitching for Mississippi Braves : RHP Damian Molina
|
Pitching: RHP Omar Orosco
|
|
Batting: SHB Justin Wallace
|
0-0: Called Strike 0-1: Ground out 4-3 (Groundball, 34, EV 93.8 MPH)
|
Pitching: LHP Fred Kelly
|
|
Batting: RHB Jose Lara
|
0-0: Ball 1-0: Foul Ball, location: 2F 1-1: Ball 2-1: Ground out 2-3 (Groundball, 2R, EV 70.0 MPH)
|
Pitching: RHP Nate Bixler
|
|
Batting: RHB Masaya Nakamura
|
0-0: Fly out, F1 (Line Drive, P, EV 68.8 MPH)
|
Bottom of the 8th over - 0 runs, 0 hits, 0 errors, 0 left on base; Mississippi 6 - Columbia 4 |
TOP OF THE 9TH |
Mississippi Braves batting - Pitching for Columbia Fireflies : RHP Marvin Merino
|
Pitching: RHP Amare Golden
|
|
Batting: RHB Adrian Billups
|
0-0: Ball 1-0: Foul Ball, location: 2F 1-1: SINGLE (Line Drive, 9S, EV 100.0 MPH)
|
Batting: RHB Hieronim Rutkowski
|
0-0: Called Strike 0-1: Ball 1-1: Ball 2-1: Sac Bunt to 23 - play at first, batter safe! Adrian Billups to second
|
Batting: RHB Erik Coleman
|
0-0: Called Strike 0-1: Swinging Strike 0-2: Ball 1-2: Foul Ball, location: 2F 1-2: Grounds into double play, 5-4-3 (Groundball, 56, EV 105.6 MPH) Adrian Billups to third
|
Batting: LHB Art D'Ascenzo
|
0-0: Intentional Walk
|
Batting: RHB Yojiro Hayashi
|
0-0: Ball 1-0: SINGLE (Groundball, 56S, EV 68.8 MPH) (infield hit) Adrian Billups scores Art D'Ascenzo to second
|
Batting: RHB Justin Reich
|
0-0: Called Strike 0-1: Ball 1-1: Ground out U3 (Groundball, 34S, EV 90.0 MPH)
|
Top of the 9th over - 1 run, 3 hits, 0 errors, 2 left on base; Mississippi 7 - Columbia 4 |
BOTTOM OF THE 9TH |
Columbia Fireflies batting - Pitching for Mississippi Braves : RHP Nate Bixler
|
Pitching: RHP Brendan Graham
|
|
Batting: RHB Andy Carrell
|
0-0: Swinging Strike 0-1: Fly out, F7 (Flyball, 7, EV 80.6 MPH)
|
Batting: RHB Larry Shoop
|
0-0: Ball 1-0: Called Strike 1-1: Foul Ball, location: 2F 1-2: Ball 2-2: Ball 3-2: Foul Ball, location: 2F 3-2: Strikes out swinging
|
Batting: RHB Dan Muse
|
0-0: Called Strike 0-1: Called Strike 0-2: Ball 1-2: Strikes out looking
|
Bottom of the 9th over - 0 runs, 0 hits, 0 errors, 0 left on base; Mississippi 7 - Columbia 4 |
|